AoeStats
← Cr7juventus

Arena

508449325Analyzed
2v2 RM · 8d ago on Sep 22, 2026· 36m 9s· 4 players
Game mode
Random Map
Map size
Medium (4 player)
Population
200
Speed
Normal
Resources
Standard
Victory
Conquest
Starting age
Dark Age
Ending age
Imperial Age
RankedLock teamsTeams togetherTeam positionsShared explorationLock speedFull tech treeHidden civsTurbo modeCheats
Victory
Defeat
🇪🇸 Mapuche · Spain
914
+15
🇧🇩 Mongols · Bangladesh
832
+19
🇰🇿 Chinese · Kazakhstan
896
-17
🇫🇷 Khmer · France
885
-17
Lucuman
8:23 Loom
10:44 Feudal Age
14:40 Castle Age
13:08 Double-Bit Axe
13:03 Horse Collar
14:45 Horse Collar
21:46 Elite Skirmisher
22:36 Pikeman
29:25 Fletching
29:46 Forging
30:47 Wheelbarrow
29:58 Town Watch
35:31 Gold Mining
35:52 Bow Saw
35:42 Heavy Plow
Ri_RaX
10:33 Feudal Age
12:22 Double-Bit Axe
14:44 Castle Age
12:54 Horse Collar
15:55 Bow Saw
15:48 Heavy Plow
16:24 Loom
24:45 Gold Mining
28:03 Murder Holes
28:29 Ballistics
33:41 Imperial Age
31:19 Stone Mining
32:07 Gold Shaft Mining
31:37 Padded Archer Armor
31:48 Forging
33:45 Wheelbarrow
32:59 Town Watch
34:23 Capped Ram
35:23 Hand Cart
35:10 Town Patrol
35:02 Elite Mangudai
36:50 Chemistry
Cr7juventus
0:34 Loom
2:12 Loom
11:14 Feudal Age
15:30 Castle Age
13:46 Double-Bit Axe
13:45 Horse Collar
16:49 Bow Saw
18:37 Stone Mining
20:45 Stone Shaft Mining
Grinch_XO
0:35 Loom
10:58 Feudal Age
14:52 Castle Age
13:10 Double-Bit Axe
14:00 Horse Collar
14:48 Gold Mining
17:02 Bow Saw
21:17 Wheelbarrow
21:01 Stone Mining
22:37 Hand Cart
23:53 Fletching
25:09 Stone Shaft Mining
25:08 Bodkin Arrow
26:16 Gold Shaft Mining
26:35 Heavy Plow
29:06 Great Wall
33:35 Imperial Age
32:04 Ballistics
31:36 Heated Shot
32:50 Bloodlines
33:21 Forging
33:25 Masonry
33:50 Cavalier
35:07 Conscription
36:06 Two-Man Saw
37:04 Chemistry
36:36 Architecture
Connection lost

Rejoining the realm…

Still unreachable

The connection could not be restored.

Session expired

The server has moved on; the page needs a fresh start.